 Dungeon Sprint DCSS version 0.30.1-9-gdf580d7c3d (webtiles) character file.

Game seed: 12715345384414897497

27760 Heoruswealwe the Minotaur Porcupine (level 13, -6/143 HPs)
             Began as a Minotaur Fighter on Sept 26, 2023.
             Was an Initiate of Gozag.
             Killed by divine providence
             ... invoked by Saint Roka
              (14 damage)
             ... in the Dungeon (Sprint IX: "|||||||||||||||||||||||||||||").
             The game lasted 00:33:28 (2773 turns).

Heoruswealwe the Minotaur Porcupine (MiFi)          Turns: 2773, Time: 00:33:30

Health: -6/143     AC: 27    Str: 24    XL:     13   Next: 6%
Magic:  11/12      EV:  8    Int:  5    God:    Gozag
Gold:   3852       SH:  0    Dex: 12    Spells: 12/12 levels left

rFire   . . .        b - +4 bardiche of the Final Decision {venom, rPois Dex-2 SInv}
rCold   + . .        (shield currently unavailable)
rNeg    . . .        c - +1 plate armour of Daffodils {rElec rC+ MP-9 Dex+4}
rPois   +            g - +0 hat
rElec   +            h - scarf of Limited Liability {repulsion, +Inv Str-2 Int+5}
rCorr   +            f - +2 pair of gloves {infuse}
SInv    +            e - +1 pair of boots of Creativity {Regen+}
Will    .....        i - amulet of Vitality {RegenMP++ Regen++} Stlth
                     k - ring of the Failed Coup {rElec rCorr MP+9 Int-5}
HPRegen 2.83/turn    (no ring)
MPRegen 0.93/turn

%: no teleportation, repel missiles, infuse magic (1 MP)
@: no status effects
A: horns 2, retaliatory headbutt
a: Renounce Religion, Evoke Invisibility, Potion Petition, Call Merchant, Bribe
Branch


You were in the Dungeon.
You worshipped Gozag.
Gozag was most pleased with you.
You visited 1 branch You collected 11551 gold pieces.
You spent 3912 gold pieces at shops.
You paid 3787 gold pieces to Gozag.

Inventory:

Hand Weapons
 a - a +0 trident
 b - the +4 bardiche of the Final Decision (weapon) {venom, rPois Dex-2 SInv}
   (You bought it in a shop in the Dungeon)

   Dex:       It affects your dexterity (-2).
   rPois:     It protects you from poison.
   SInv:      It lets you see invisible.
 p - a +0 glaive
 y - the +3 halberd "Govopleq" {holy, *Rage rPois SInv Stlth+}
   (You found it in the Dungeon)

   rPois:     It protects you from poison.
   SInv:      It lets you see invisible.
   *Rage:     It berserks you when you make melee attacks (+20% chance).
   Stlth:     It makes you more stealthy.
Armour
 c - the +1 plate armour of Daffodils (worn) {rElec rC+ MP-9 Dex+4}
   (You bought it in a shop in the Dungeon)

   Dex:       It affects your dexterity (+4).
   rC:        It protects you from cold.
   rElec:     It insulates you from electricity.
   MP:        It affects your magic capacity (-9).
 d - a +1 tower shield
 e - the +1 pair of boots of Creativity (worn) {Regen+}
   (You bought it in a shop in the Dungeon)

   Regen:     It increases your rate of health regeneration.
 f - a +2 pair of gloves of infusion (worn)
 g - a +0 hat (worn)
 h - the scarf of Limited Liability (worn) {repulsion, +Inv Str-2 Int+5}
   (You bought it in a shop in the Dungeon)

   Str:       It affects your strength (-2).
   Int:       It affects your intelligence (+5).
   +Inv:      It lets you turn invisible.
 q - the +1 pair of boots of Amorality {rF+ Dex+3}
   (You bought it in a shop in the Dungeon)

   Dex:       It affects your dexterity (+3).
   rF:        It protects you from fire.
 t - a +2 pair of boots of rampaging
Jewellery
 i - the amulet of Vitality (around neck) {RegenMP++ Regen++}
   (You bought it in a shop in the Dungeon)

   [amulet of magic regeneration]

   It increases your rate of magic regeneration.
   Regen:     It increases your rate of health regeneration.
 k - the ring of the Failed Coup (left hand) {rElec rCorr MP+9 Int-5}
   (You found it in the Dungeon)

   [ring of magical power]

   Int:       It affects your intelligence (-5).
   rElec:     It insulates you from electricity.
   MP:        It affects your magic capacity (+9).
   rCorr:     It protects you from acid and corrosion.
Wands
 m - a wand of roots (10)
 v - a wand of digging (5)
Scrolls
 j - 4 scrolls of blinking
 o - 4 scrolls of enchant weapon
 r - a scroll of silence
 s - a scroll of identify
 u - 3 scrolls of enchant armour
Potions
 l - 3 potions of berserk rage
 w - a potion of might
 x - a potion of haste
 z - 4 potions of curing


   Skills:
 + Level 21.5 Fighting
 O Level 27 Polearms
 + Level 21.5 Armour
 - Level 3.6 Shields


You had 12 spell levels left.
You didn't know any spells.
Your spell library contained the following spells:

 Spells                   Type           Power      Damage    Failure   Level
 Inner Flame              Hex/Fire       0%         N/A       100%        3
 Flame Wave               Conj/Fire      0%         2d4       100%        4
 Sticky Flame             Conj/Fire      0%         2d3       100%        4


Dungeon Overview and Level Annotations

Branches:
Dungeon (1/1)

Altars:
Cheibriados
Dithmenos
Elyvilon
Fedhas
Gozag
Hepliaklqana
Kikubaaqudgha
Makhleb
Nemelex Xobeh
Okawaru
Qazlal
Ru
Sif Muna
Trog
Uskayaw
Vehumet
Wu Jian
Xom
Yredelemnul
Zin
The Shining One
Jiyva
Lugonu

Shops:
D *[(**=:[

Annotations:
D Saint Roka


Innate Abilities, Weirdness & Mutations

You have a pair of horns on your head.
You reflexively headbutt those who attack you in melee.


Message History

The orc warrior hits you from afar with a +3 trident of pain!
* * * LOW HITPOINT WARNING * * *
You feel much better. The orc warrior closely misses you.
Saint Roka hits you with a +1 battleaxe of freezing!!
* * * LOW HITPOINT WARNING * * *
Saint Roka freezes you.
* * * LOW HITPOINT WARNING * * *
You feel much better.
The orc priest is distracted by your dazzling golden aura.
The orc warrior hits you from afar with a +3 trident of pain.
You writhe in agony.
Saint Roka mumbles some strange prayers to Beogh against you.
Beogh smites you!
* * * LOW HITPOINT WARNING * * *
The orc priest shouts!
You slash Saint Roka!
Saint Roka is moderately wounded.
You slice Saint Roka!!
Saint Roka is moderately wounded.
The orc warrior barely misses you.
The orc warrior is distracted by your dazzling golden aura.
Saint Roka calls down the wrath of Beogh upon you.
Beogh smites you!
* * * LOW HITPOINT WARNING * * *
The orc warrior shouts!
You slice Saint Roka!!
Saint Roka looks as sick as possible!
Saint Roka is heavily wounded.
Saint Roka invokes the aid of Beogh against you.
Beogh smites you!
* * * LOW HITPOINT WARNING * * *
The orc warrior hits you from afar with a +3 trident of pain.
* * * LOW HITPOINT WARNING * * *
You slice Saint Roka!!
Saint Roka is heavily wounded.
The orc warrior hits you from afar with a +3 trident of pain!
* * * LOW HITPOINT WARNING * * *
Saint Roka calls down the wrath of Beogh upon you.
Beogh smites you!
You die...
Your body crumbles into a pile of gold.

▓▓▓▓▓▓▓▓▓▓▓♣♣♣♣♣♣♣♣♣♣▓▓▓
...............$@oooo...
▓▓▓▓▓▓▓▓▓▓▓▓▓▓▓▓▓▓▓▓▓▓▓▓▓▓▓▓▓▓▓▓▓
.......'.......)...)().)[....!...
▓▓▓▓▓▓▓▓▓▓▓▓▓▓▓▓▓▓▓▓▓▓▓▓▓▓▓▓▓▓▓▓▓
......)..........................
▓▓▓▓▓▓▓▓▓▓▓▓▓▓▓▓▓▓▓▓▓▓▓▓▓▓▓▓▓▓▓▓▓
...∩.∩.'.∩.∩.∩.∩.∩.∩.[[(.'...))))
▓▓▓▓▓▓▓▓▓▓▓▓▓▓▓▓▓▓▓▓▓▓▓▓▓▓▓▓▓▓▓▓▓
................)................


You could see Saint Roka (extremely poisoned), 2 orc warriors and an orc priest
(strong).

Vanquished Creatures
  Gastronok (D)
  A fire giant (D)
  4 stone giants (D)
  3 ettins (D)
  Snorg (D)
  A fire dragon (D)
  Josephine (D)
  An ogre mage (D)
  4 centaur warriors (D)
  A hydra (D)
  A boulder beetle (D)
  2 death yaks (D)
  A deep troll shaman (D)
  2 tengu warriors (D)
  4 deep trolls (D)
  2 orc knights (D)
  An ugly thing (D)
  2 manticores (D)
  An elephant (D)
  A torpor snail (D)
  2 cane toads (D)
  A rime drake (D)
  A tengu conjurer (D)
  3 komodo dragons (D)
  6 trolls (D)
  2 blink frogs (D)
  A shadow (D)
  4 wraiths (D)
  Grum (D)
  A basilisk (D)
  A vampire mosquito (D)
  A warg (D)
  3 hell hounds (D)
  4 water moccasins (D)
  8 orc warriors (D)
  10 wolves (D)
  A centaur (D)
  A phantom (D)
  A kobold brigand (D)
  A wight (D)
  5 orc priests (D)
  2 iguanas (D)
  6 orc wizards (D)
  8 orcs (D)
  An endoplasm (D)
  A giant cockroach (D)
  A frilled lizard (D)
  A kobold (D)
  A rat (D)
114 creatures vanquished.

Notes
Turn   | Place    | Note
-------+----------+-------------------------------------------
     0 | D        | Heoruswealwe the Minotaur Fighter began the quest for the
                  | Orb.
     0 | D        | Reached XP level 1. HP: 19/19 MP: 0/0
     8 | D        | Reached skill level 3 in Polearms
    20 | D        | Noticed an iguana
    20 | D        | Noticed a phantom
    20 | D        | Noticed a centaur
    20 | D        | Noticed an iguana
    22 | D        | Killed an iguana
    23 | D        | Reached skill level 5 in Fighting
    23 | D        | Reached skill level 5 in Polearms
    23 | D        | Reached skill level 5 in Armour
    23 | D        | Reached XP level 2. HP: 22/29 MP: 1/1
    23 | D        | Reached XP level 3. HP: 28/36 MP: 2/2
    29 | D        | Killed a centaur
    30 | D        | Reached skill level 8 in Polearms
    30 | D        | Reached XP level 4. HP: 37/45 MP: 3/3
    34 | D        | Killed a phantom
    35 | D        | Reached skill level 9 in Polearms
    35 | D        | Reached XP level 5. HP: 39/52 MP: 4/4
    37 | D        | Reached skill level 10 in Polearms
    44 | D        | Found a snail-covered altar of Cheibriados.
    44 | D        | Found a shadowy altar of Dithmenos.
    44 | D        | Found a white marble altar of Elyvilon.
    44 | D        | Found a blossoming altar of Fedhas.
    44 | D        | Found an opulent altar of Gozag.
    45 | D        | Found a hazy altar of Hepliaklqana.
    46 | D        | Found a viscous altar of Jiyva.
    47 | D        | Found an ancient bone altar of Kikubaaqudgha.
    48 | D        | Found a corrupted altar of Lugonu.
    49 | D        | Found a burning altar of Makhleb.
    50 | D        | Found a sparkling altar of Nemelex Xobeh.
    51 | D        | Found an iron altar of Okawaru.
    52 | D        | Became a worshipper of Gozag Ym Sagoz the Greedy
    53 | D        | Found a stormy altar of Qazlal.
    54 | D        | Found a sacrificial altar of Ru.
    55 | D        | Found a shimmering blue altar of Sif Muna.
    56 | D        | Found a bloodstained altar of Trog.
    57 | D        | Found a hide-covered altar of Uskayaw.
    58 | D        | Found a radiant altar of Vehumet.
    59 | D        | Found an ornate altar of the Wu Jian Council.
    60 | D        | Found a shimmering altar of Xom.
    61 | D        | Found a basalt altar of Yredelemnul.
    62 | D        | Found a glowing silver altar of Zin.
    63 | D        | Found a glowing golden altar of the Shining One.
   116 | D        | Noticed a wraith
   116 | D        | Noticed a vampire mosquito
   116 | D        | Noticed a shadow
   116 | D        | Noticed a komodo dragon
   125 | D        | Killed a komodo dragon
   126 | D        | Reached skill level 12 in Polearms
   126 | D        | Reached XP level 6. HP: 36/64 MP: 5/5
   141 | D        | Killed a shadow
   142 | D        | Reached skill level 10 in Fighting
   142 | D        | Reached skill level 13 in Polearms
   142 | D        | Reached skill level 10 in Armour
   142 | D        | Reached XP level 7. HP: 22/72 MP: 6/6
   149 | D        | Killed a vampire mosquito
   163 | D        | Reached skill level 14 in Polearms
   167 | D        | Killed a wraith
   331 | D        | Noticed a tengu warrior
   331 | D        | Noticed a centaur warrior
   331 | D        | Noticed a six-headed hydra
   331 | D        | Noticed a centaur warrior
   331 | D        | Noticed a manticore
   334 | D        | Killed a manticore
   335 | D        | Reached skill level 15 in Polearms
   335 | D        | Reached XP level 8. HP: 66/83 MP: 7/7
   350 | D        | Killed a centaur warrior
   351 | D        | Reached skill level 16 in Polearms
   355 | D        | Killed a ten-headed hydra
   356 | D        | Reached skill level 17 in Polearms
   356 | D        | Reached XP level 9. HP: 14/93 MP: 8/8
   362 | D        | Killed a centaur warrior
   363 | D        | Reached skill level 18 in Polearms
   369 | D        | HP: 4/141 [tengu warrior/+0 glaive (5)]
   376 | D        | Killed a tengu warrior
   377 | D        | Reached skill level 19 in Polearms
   740 | D        | Got the ring of the Failed Coup {rElec rCorr MP+9 Int-5}
   751 | D        | Noticed a cane toad
   761 | D        | Reached XP level 10. HP: 93/104 MP: 9/9
   793 | D        | Noticed a cane toad
   807 | D        | Killed a cane toad
   809 | D        | Reached skill level 20 in Polearms
   813 | D        | Killed a cane toad
   814 | D        | Reached skill level 15 in Fighting
   814 | D        | Reached skill level 15 in Armour
   922 | D        | Noticed a death yak
   922 | D        | Noticed a death yak
   922 | D        | Noticed an elephant
   929 | D        | Noticed a torpor snail
   932 | D        | Killed an elephant
   936 | D        | Killed a death yak
   937 | D        | Reached skill level 21 in Polearms
   945 | D        | Killed a death yak
   954 | D        | Killed a torpor snail
   958 | D        | Reached XP level 11. HP: 26/114 MP: 10/10
  1202 | D        | Reached skill level 22 in Polearms
  1338 | D        | Noticed Grum
  1354 | D        | Killed Grum
  1497 | D        | Noticed a stone giant
  1510 | D        | Killed a stone giant
  1601 | D        | Reached skill level 23 in Polearms
  1608 | D        | Noticed an orc knight
  1622 | D        | Killed an orc knight
  1894 | D        | Found Muenk's Armour Boutique.
  1894 | D        | Noticed a stone giant
  1894 | D        | Noticed a deep troll
  1901 | D        | Noticed an ogre mage
  1902 | D        | Found Foets's Book Shop.
  1903 | D        | Noticed a deep troll
  1912 | D        | Killed a stone giant
  1912 | D        | Noticed a stone giant
  1918 | D        | Killed a deep troll
  1919 | D        | Reached skill level 24 in Polearms
  1921 | D        | Noticed a deep troll
  1923 | D        | Found Ojioteips's Jewellery Boutique.
  1931 | D        | Killed an ogre mage
  1948 | D        | Killed a stone giant
  1957 | D        | Killed a deep troll
  1964 | D        | Killed a deep troll
  1965 | D        | Reached XP level 12. HP: 33/128 MP: 11/11
  1965 | D        | Found Puwuz's General Store.
  2209 | D        | Reached skill level 25 in Polearms
  2257 | D        | Bought a +2 pair of boots of rampaging for 279 gold pieces
  2280 | D        | Bought a potion of brilliance for 56 gold pieces
  2280 | D        | Bought a scroll of vulnerability for 56 gold pieces
  2280 | D        | Bought 3 scrolls of identify for 84 gold pieces
  2300 | D        | Bought the amulet of Vitality {RegenMP++ Regen++} for 1000
                  | gold pieces
  2300 | D        | Found the amulet of Vitality {RegenMP++ Regen++}
  2314 | D        | Bought a cyan potion for 33 gold pieces
  2314 | D        | Bought a scroll of blinking for 277 gold pieces
  2314 | D        | Bought a fizzy silvery potion for 33 gold pieces
  2314 | D        | Bought a scroll labelled MOULEO ZOIMUT for 37 gold pieces
  2314 | D        | Bought a smoky amethyst potion for 33 gold pieces
  2346 | D        | Bought a polished bardiche for 420 gold pieces
  2346 | D        | Identified the +4 bardiche of the Final Decision {venom,
                  | rPois Dex-2 SInv} (You bought it in a shop in the Dungeon)
  2358 | D        | Bought a scorched scarf for 240 gold pieces
  2358 | D        | Identified the scarf of Limited Liability {repulsion, +Inv
                  | Str-2 Int+5} (You bought it in a shop in the Dungeon)
  2358 | D        | Bought a faintly humming plate armour for 672 gold pieces
  2358 | D        | Identified the +1 plate armour of Daffodils {rElec rC+ MP-9
                  | Dex+4} (You bought it in a shop in the Dungeon)
  2358 | D        | Bought a pair of slimy boots for 228 gold pieces
  2358 | D        | Identified the +1 pair of boots of Creativity {Regen+} (You
                  | bought it in a shop in the Dungeon)
  2436 | D        | Bought a pair of masterwork boots for 304 gold pieces
  2436 | D        | Identified the +1 pair of boots of Amorality {rF+ Dex+3}
                  | (You bought it in a shop in the Dungeon)
  2436 | D        | Bought a scroll labelled VIZINI KAUVA for 32 gold pieces
  2436 | D        | Bought a scroll labelled CEAS GAYNLAZ for 32 gold pieces
  2436 | D        | Bought a potion of curing for 96 gold pieces
  2445 | D        | Noticed Josephine
  2453 | D        | Killed Josephine
  2474 | D        | Noticed Gastronok
  2483 | D        | Killed Gastronok
  2559 | D        | Got the +3 halberd "Govopleq" {holy, *Rage rPois SInv
                  | Stlth+}
  2603 | D        | Noticed a centaur warrior
  2603 | D        | Noticed a centaur warrior
  2603 | D        | Noticed a boulder beetle
  2603 | D        | Noticed a tengu warrior
  2608 | D        | Killed a tengu warrior
  2609 | D        | Reached skill level 26 in Polearms
  2614 | D        | Noticed an ettin
  2617 | D        | Killed a centaur warrior
  2623 | D        | Killed a boulder beetle
  2625 | D        | Noticed an ettin
  2629 | D        | Noticed a fire dragon
  2631 | D        | Killed a centaur warrior
  2640 | D        | Noticed a stone giant
  2641 | D        | Killed an ettin
  2644 | D        | Killed an ettin
  2644 | D        | Noticed a fire giant
  2645 | D        | Reached skill level 27 in Polearms
  2651 | D        | Killed a fire dragon
  2655 | D        | Killed a stone giant
  2655 | D        | Noticed an ettin
  2659 | D        | Noticed a deep troll shaman
  2661 | D        | Killed a fire giant
  2668 | D        | Killed an ettin
  2675 | D        | Killed a deep troll shaman
  2676 | D        | Reached XP level 13. HP: 54/143 MP: 10/12
  2753 | D        | Noticed Snorg
  2756 | D        | Noticed Saint Roka
  2762 | D        | Killed Snorg
  2773 | D        | Killed from afar by Saint Roka

Illustrated notes

Levels and vault maps discovered:
D:        linesprint [early_d, line_temple, items_1, d_10, items_2, lair_1,
          lair_end, items_3, orc_1, orc_end, items_4, d_15, swamp_1, shoals_1,
          snake_1, spider_1, d_20, vaults_1, items_5, swamp_end, shoals_end,
          snake_end, spider_end, vaults_end, d_27, items_6, zot_1, zot_end,
          crypt_end, forest_end, elf_end, slime_end, tomb_end, abyss_end,
          pan_hell_end]

Skill      XL: |  1  2  3  4  5  6  7  8  9 10 11 12 |
---------------+-------------------------------------+-----
Polearms       | 5 8 9 12 13 15 17 19 21 24 27 | 27.0
Fighting       | 5 6 7 9 10 11 13 14 16 18 21 | 21.5
Armour         | 5 6 7 9 10 11 13 14 16 18 21 | 21.5
Shields        | |  3.6

Action                     |  1- 3 |  4- 6 |  7- 9 | 10-12 | 13-15 || total
---------------------------+-------+-------+-------+-------+-------++-------
  Melee: Trident           |    15 |     7 |       |       |       ||    22
         Headbutt          |     2 |     3 |    14 |    67 |     1 ||    87
         Halberd           |       |    20 |    69 |       |       ||    89
         Glaive            |       |       |     9 |   248 |       ||   257
         Bardiche          |       |       |       |    72 |    13 ||    85
 Invoke: Call Merchant     |       |       |       |     4 |       ||     4
    Use: Potion            |       |     5 |     6 |     5 |     2 ||    18
         Scroll            |       |       |       |     5 |       ||     5
   Stab: Distracted        |       |       |     1 |     4 |       ||     5
 Armour: Scale mail        |     4 |     1 |       |       |       ||     5
         Chain mail        |       |     7 |    63 |    51 |       ||   121
         Plate armour      |       |       |       |    64 |     5 ||    69
  Dodge: Dodged            |    11 |     4 |    24 |    85 |     4 ||   128
         Repelled          |       |       |       |     1 |       ||     1
  Block: Buckler           |     2 |       |       |       |       ||     2
